 Dungeon Crawl Stone Soup version 0.31-a0-978-g1e143483b6 (webtiles) character file.

Game seed: 6016664590156758725

108 sammy202020 the Trooper (level 4, -4/29 HPs)
             Began as a Gargoyle Berserker on Oct 30, 2023.
             Was a Believer of Trog.
             Slain by Crazy Yiuf
             ... wielding a +2 quarterstaff of chaos
              (5 damage)
             ... on level 2 of the Dungeon.
             The game lasted 00:02:20 (2073 turns).

sammy202020 the Trooper (Gargoyle Berserker)        Turns: 2073, Time: 00:02:22

Health: -4/29      AC: 14    Str: 21    XL:     4   Next: 87%
Magic:  13/13      EV:  8    Int:  9    God:    Trog [**....]
Gold:   161        SH:  0    Dex:  9    Spells: 3/3 levels left

rFire   . . .        a - +0 morningstar
rCold   . . .        (no shield)
rNeg    + . .        k - +0 chain mail
rPois   ∞            (no helmet)
rElec   +            c - +1 cloak
rCorr   .            (no gloves)
SInv    .            (no boots)
Will    .....        h - amulet of the acrobat Stlth
                     g - ring of magical power
HPRegen 0.24/turn    (no ring)
MPRegen 0.13/turn

%: acrobat
@: no status effects
A: sickness immunity, AC +3, negative energy resistance 1, electricity
resistance, torment resistance 1, petrification resistance
a: Renounce Religion, Berserk, Trog's Hand


You were on level 2 of the Dungeon.
You worshipped Trog.
Trog was pleased with you.
You visited 1 branch of the dungeon, and saw 2 of its levels.

You collected 161 gold pieces.

Inventory:

Hand Weapons
 a - a +0 morningstar (weapon)
 i - a +0 flail
Armour
 c - a +1 cloak (worn)
 k - a +0 chain mail (worn)
Jewellery
 g - a ring of magical power (left hand)
 h - an amulet of the acrobat (around neck)
Scrolls
 f - a scroll of blinking {unknown}
 l - a scroll of silence {unknown}
 m - a scroll of torment
Potions
 b - a potion of lignification {unknown}
 d - a potion of enlightenment {unknown}
 e - a potion of magic {unknown}
 j - a potion of heal wounds {unknown}


   Skills:
 * Level 4.2 Fighting
 * Level 3.8 Maces & Flails
 * Level 3.3 Armour
 + Level 2.0 Dodging


You had 3 spell levels left.
You didn't know any spells.
Your spell library was empty.

Dungeon Overview and Level Annotations

Branches:
Dungeon (2/15)

Altars:
Xom

Annotations:
D:2 Crazy Yiuf


Innate Abilities, Weirdness & Mutations

You are immune to sickness and miasma.
Your stone body is resilient. (AC +3)
You are immune to poison.
You resist negative energy. (rN+)
You are resistant to electric shocks. (rElec)
You are resistant to unholy torment.
You are immune to petrification.


Message History

You closely miss the adder. The adder bites you but does no damage.
The adder bites you.
You barely miss the adder. The adder closely misses you.
You sock the adder!
The adder is severely wounded.
The adder bites you but does no damage. The adder barely misses you.
An adder is nearby!
An adder is nearby!
An adder is nearby!
You puncture the adder!
You kill the adder!
Trog accepts your kill.
No target in view!
There is a stone staircase leading up here.
Crazy Yiuf shouts!
Could not explore, unopened runed door.
Could not explore, unopened runed door.
No reachable target in view!
You open the door. You hit Crazy Yiuf.
Crazy Yiuf is moderately wounded.
Crazy Yiuf hits you with a +2 quarterstaff of chaos!
Crazy Yiuf freezes you.
You hit Crazy Yiuf but do no damage.
Crazy Yiuf is moderately wounded.
Crazy Yiuf barely misses you. x2
You hit Crazy Yiuf.
Crazy Yiuf is heavily wounded.
Crazy Yiuf hits you but does no damage.
You closely miss Crazy Yiuf.
Crazy Yiuf is heavily wounded.
Crazy Yiuf yells, "Liver!"
Crazy Yiuf hits you with a +2 quarterstaff of chaos.
You barely miss Crazy Yiuf.
Crazy Yiuf is heavily wounded.
Crazy Yiuf hits you but does no damage.
Crazy Yiuf hits you with a +2 quarterstaff of chaos!
* * * LOW HITPOINT WARNING * * *
Crazy Yiuf burns you.
You die...

#####....#
#.....
#....#
####.#
♣....♣
######.#
♣♣...♣
#####......#
♣♣.♣♣
#.....######
♣♣.♣ #######
# ♣.♣♣ ####
♣♣.♣ #...
♣@♣♣ #..#
#g# #..# ...
#..# #...#
#..# #)..#
#... #####
##.. ###.#
###....
#...###


You could see Crazy Yiuf.

Vanquished Creatures
  4 adders (D:2)
  A worm (D:2)
  4 dart slugs
  3 orcs (D:2)
  6 ball pythons
  4 endoplasms
  A giant cockroach (D:1)
  5 goblins
  4 hobgoblins
  4 jackals (D:1)
  3 kobolds (D:1)
  3 quokkas
  5 bats
  5 frilled lizards
  7 rats
59 creatures vanquished.

Notes
Turn   | Place    | Note
-------+----------+-------------------------------------------
     0 | D:1      | sammy202020 the Gargoyle Berserker began the quest for the
                  | Orb.
     0 | D:1      | Reached XP level 1. HP: 14/14 MP: 1/1
   116 | D:1      | Reached XP level 2. HP: 14/19 MP: 2/2
   312 | D:1      | Reached XP level 3. HP: 12/23 MP: 3/3
   529 | D:1      | Reached ** piety under Trog
   548 | D:1      | Found a faded altar of an unknown god.
  1374 | D:2      | Reached XP level 4. HP: 29/29 MP: 4/4
  1397 | D:2      | Reached skill level 4 in Fighting
  1695 | D:2      | Found a runed translucent door.
  1696 | D:2      | Noticed Crazy Yiuf
  1796 | D:2      | Found a shimmering altar of Xom.
  2073 | D:2      | HP: 1/29 [Crazy Yiuf/+2 quarterstaff of chaos (11)]
  2073 | D:2      | Slain by Crazy Yiuf

Illustrated notes

Levels and vault maps discovered:
D:1:      amcnicky_arrival_single_pillar, layout_loops_corners,
          hellmonk_ecumenical_altar_zigzags, amcnicky_mini_pool_small,
          minmay_cupped
D:2:      layout_loops_cross, basic_altar, grunt_decor_cap, minmay_hexomino_f4,
          uniq_crazy_yiuf_cottage

Skill      XL: |  1  2  3  4 |
---------------+-------------+-----
Armour         | 3 |  3.3
Fighting       | 4 |  4.2
Dodging        | 2 |  2.0
Maces & Flails | |  3.8

Action                     |  1- 3 |  4- 6 || total
---------------------------+-------+-------++-------
  Melee: Mace              |    98 |       ||    98
         Flail             |     7 |    11 ||    18
         Morningstar       |       |    52 ||    52
         Punch             |       |     1 ||     1
    Use: Scroll            |     4 |       ||     4
 Armour: Animal skin       |    45 |       ||    45
         Scale mail        |    15 |    12 ||    27
         Chain mail        |       |    40 ||    40
  Dodge: Dodged            |    86 |    37 ||   123

Table legend: (Time is in decaauts)
 A = Elapsed time spent in this place.
 B = Non-inter-level travel time spent in this place.
 C = Inter-level travel time spent in this place.
 D = Time resting spent in this place.
 E = Time spent auto-exploring this place.
 F = Levels seen in this place.
 G = Mean time per level.
                   A        B        C        D        E       F      G
               +--------+--------+--------+--------+--------+-----+--------+
         Total |   2115 |   2085 |     30 |    258 |   1384 |   2 | 1057.5 |
       Dungeon |   2115 |   2085 |     30 |    258 |   1384 |   2 | 1057.5 |
               +--------+--------+--------+--------+--------+-----+--------+

Top non-repeatable levels by time:
     D:1: 1318 daAuts
     D:2: 796 daAuts
